 Dungeon Crawl Stone Soup version 0.29-a0-557-g43b9904bd1 (webtiles) character file.

Game seed: 11672040540437274607

5775 valliere the Zephyrmancer (level 10, 0/63 HPs)
             Began as a Tengu Air Elementalist on June 8, 2022.
             Succumbed to a water moccasin's poison
             ... on level 9 of the Dungeon.
             The game lasted 00:50:21 (12854 turns).

valliere the Zephyrmancer (Tengu Air Elementalist) Turns: 12854, Time: 00:50:21

Health: 0/63       AC:  4    Str:  9    XL:     10   Next: 78%
Magic:  5/14       EV: 18    Int: 26    God:
Gold:   374        SH:  0    Dex: 14    Spells: 5/13 levels left

rFire   . . .      SeeInvis .   f - +4 short sword (freeze)
rCold   . . .      Faith    .   (no shield)
rNeg    . . .      Spirit   .   a - +0 robe
rPois   .          Reflect  .   i - +2 hat
rElec   .          Harm     .   (no cloak)
rCorr   +          Rampage  .   (no gloves)
Will    .....                   (boots unavailable)
Stlth   ++........              (no amulet)
HPRegen 0.20/turn               x - +6 ring of intelligence
MPRegen 0.14/turn               y - ring of resist corrosion

@: lethally poisoned (0 -> -4), flying quickly and evasively, unable to read,
quick
A: beak, talons 3, nimble flight
a: no special abilities


You were on level 9 of the Dungeon.
You visited 1 branch of the dungeon, and saw 9 of its levels.

You collected 374 gold pieces.

Inventory:

Hand Weapons
 f - a +4 short sword of freezing (weapon)
 g - a +4 spear of venom
 n - a +1 vampiric dagger
 A - a +2 short sword of holy wrath
Missiles
 r - 2 throwing nets
Armour
 a - a +0 robe (worn)
 i - a +2 hat (worn)
 o - an orb of guile
Jewellery
 x - a +6 ring of intelligence (left hand)
 y - a ring of resist corrosion (right hand)
Scrolls
 c - a scroll of enchant armour
 d - a scroll of identify
 e - a scroll of fear {unknown}
 h - 2 scrolls of amnesia
 q - 2 scrolls of blinking
 B - a scroll of poison
 C - a scroll of brand weapon
Potions
 l - 3 potions of attraction
 v - a potion of resistance
 w - a potion of lignification
 z - a potion of haste


   Skills:
 + Level 7.0 Fighting
 + Level 1.7 Armour
 + Level 8.0 Dodging
 + Level 2.7 Stealth
 - Level 2.0 Spellcasting
 + Level 5.4 Conjurations
 * Level 14.9 Air Magic


You had 5 spell levels left.
You knew the following spells:

 Your Spells              Type           Power      Damage    Failure   Level
a - Shock                 Conj/Air       100%       1d9       1%          1
b - Airstrike             Air            34%        N/A       1%          4
c - Swiftness             Air            68%        N/A       1%          3

Your spell library contained the following spells:

 Spells                   Type           Power      Damage    Failure   Level
 Poisonous Vapours        Pois/Air       82%        N/A       1%          2
 Static Discharge         Conj/Air       53%        N/A       1%          2
 Apportation              Tloc           4%         N/A       11%         1
 Beastly Appendage        Tmut           4%         N/A       11%         1
 Necrotize                Necr           8%         1d4       11%         1
 Summon Small Mammal      Summ           8%         N/A       11%         1
 Corpse Rot               Necr/Pois/Air  28%        N/A       14%         4
 Blink                    Tloc           4%         N/A       16%         2
 Wereblood                Tmut           2%         N/A       16%         2
 Gell's Gravitas          Tloc           2%         N/A       30%         3
 Lesser Beckoning         Tloc           2%         N/A       30%         3
 Spider Form              Tmut/Pois      2%         N/A       30%         3
 Teleport Other           Tloc           2%         N/A       30%         3
 Alistair's Intoxication  Tmut/Pois      1%         N/A       96%         5
 Borgnjor's Vile Clutch   Necr/Erth      1%         N/A       96%         5
 Manifold Assault         Tloc           2%         N/A       96%         5
 Eringya's Noxious Bog    Tmut/Pois      1%         N/A       100%        6


Dungeon Overview and Level Annotations

Branches:
Dungeon (9/15)
 Temple: D:4-7         Lair: D:8-11         Orc: D:9-12

Altars:

Annotations:
D:4 Duvessa
D:6 2 transporters, ZappyNine's ghost, amateur DgGl
D:7 Pikel


Innate Abilities, Weirdness & Mutations

You have a beak for a mouth.
You have claws for feet.
Your magical nature lets you fly swiftly and evasively.


Message History

The water moccasin bites you!
* * * LOW HITPOINT WARNING * * *
You are lethally poisoned!
The water moccasin poisons you!
Casting: Shock (safe; 1% risk of failure)
Confirm with . or Enter, or press ? or * to list all spells.
Aiming: Shock (safe; 1% risk of failure)
Press: ? - help, Shift-Dir - straight line The zap hits the water moccasin.
You kill the water moccasin!
The zap hits the kobold brigand but does no damage.
The kobold brigand is almost dead.
The zap hits the kobold brigand.
The kobold brigand is almost dead.
* * * LOW HITPOINT WARNING * * *
You feel very sick. The bullfrog misses you. x2
The bullfrog attacks as you move away! The bullfrog misses you.
* * * LOW HITPOINT WARNING * * *
You feel very sick. The bullfrog completely misses you.
Okay, then.
You cannot read scrolls in your current state!
You're already flying!
You're already flying!
Okay, then.
Really quaff the potion of mutation?
You feel extremely strange.
Your magical essence no longer links to wands of the dungeon.
You no longer feel a hidden potential within.
Your thinking seems confused.
You can once more read scrolls while threatened.
You feel yourself speed up.
* * * LOW HITPOINT WARNING * * *
You feel sick. The bullfrog closely misses you. The bullfrog barely misses you.
You cannot read scrolls in your current state!
* * * LOW HITPOINT WARNING * * *
You feel sick. The bullfrog closely misses you.
Found a stone staircase leading down.
You die...

#....########
#.............
#######............#
#..................#
#..................#
###................).#
.....................###
........................
..............F.@.....#
...........##K###.###...
####.......#.†# ...
#.......#..# >..#
#.......##.........
#..........#.....#..
####..........#.....#...
..............# #.### ##
............... ..?


You could see a kobold brigand and a bullfrog.

Vanquished Creatures
  A two-headed ogre (D:8)
  A deep elf pyromancer (D:6)
  2 gargoyles
  A komodo dragon (D:7)
  A shadow (D:9)
  A steam dragon (D:6)
  Edmund (D:5)
  An acid dragon (D:7)
  4 water moccasins
  An orc warrior (D:9)
  3 black bears
  An ice beast (D:6)
  A sky beast (D:5)
  4 ogres
  4 centaurs
  A lemure (D:7)
  3 bullfrogs
  2 necrophages
  A gnoll sergeant (D:6)
  3 scorpions
  5 wights (D:8)
  Dowan (D:4)
  6 killer bees
  A howler monkey (D:7)
  4 jellies
  3 hounds
  2 orc priests
  2 iguanas
  8 orc wizards
  Robin (D:3)
  3 gnolls (D:6)
  3 adders
  A shadow imp (D:5)
  3 white imps
  A worm (D:3)
  21 orcs
  4 bats (D:2)
  5 endoplasms
  2 giant cockroaches
  12 goblins
  8 hobgoblins
  8 jackals
  2 kobolds
  2 quokkas (D:2)
  4 ball pythons
  3 frilled lizards
  3 rats
155 creatures vanquished.

Vanquished Creatures (others)
  2 plants (D:4)
2 creatures vanquished.

Grand Total: 157 creatures vanquished

Notes
Turn   | Place    | Note
-------+----------+-------------------------------------------
     0 | D:1      | valliere the Tengu Air Elementalist began the quest for the
                  | Orb.
     0 | D:1      | Reached XP level 1. HP: 10/10 MP: 4/4
   159 | D:1      | Found a faded altar of an unknown god.
   317 | D:1      | Reached XP level 2. HP: 16/16 MP: 3/6
  1051 | D:2      | Reached XP level 3. HP: 20/20 MP: 4/7
  1294 | D:2      | Reached skill level 1 in Fighting
  1826 | D:3      | Noticed Robin
  1854 | D:3      | Killed Robin
  1855 | D:3      | Reached XP level 4. HP: 25/25 MP: 0/8
  1896 | D:3      | Reached skill level 5 in Air Magic
  3280 | D:4      | Gained mutation: Your magical nature lets you fly swiftly
                  | and evasively. [Tengu growth]
  3280 | D:4      | Reached XP level 5. HP: 15/29 MP: 1/9
  3694 | D:4      | Noticed Duvessa
  3771 | D:5      | Entered Level 5 of the Dungeon
  4051 | D:5      | Reached skill level 6 in Air Magic
  4051 | D:5      | Reached XP level 6. HP: 35/35 MP: 1/10
  4283 | D:5      | Learned a level 4 spell: Airstrike
  4370 | D:5      | Noticed Edmund
  4528 | D:5      | Reached skill level 7 in Air Magic
  4528 | D:5      | Reached XP level 7. HP: 40/40 MP: 5/11
  4902 | D:4      | Noticed Dowan
  4919 | D:4      | Killed Dowan
  4920 | D:4      | Reached skill level 8 in Air Magic
  5202 | D:5      | Killed Edmund
  5393 | D:5      | Reached skill level 9 in Air Magic
  5966 | D:6      | Reached XP level 8. HP: 45/45 MP: 7/12
  6178 | D:6      | Reached skill level 10 in Air Magic
  6236 | D:6      | Found a transporter.
  6240 | D:6      | Noticed ZappyNine's ghost (amateur DgGl)
  6324 | D:6      | Found a transporter.
  7193 | D:7      | Reached skill level 5 in Dodging
  7193 | D:7      | Reached skill level 11 in Air Magic
  7333 | D:7      | Noticed a komodo dragon
  7428 | D:6      | Reached XP level 9. HP: 41/52 MP: 6/13
  7484 | D:6      | HP: 2/52 [sky beast (6)]
  7486 | D:6      | Gained mutation: You are covered in fur. (AC +1) [potion of
                  | mutation]
  7486 | D:6      | Lost mutation: You are covered in fur. (AC +1) [potion of
                  | mutation]
  7486 | D:6      | Gained mutation: You are partially covered in iridescent
                  | scales. (AC +2) [potion of mutation]
  7486 | D:6      | Gained mutation: Your flesh is cold resistant. (rC+)
                  | [potion of mutation]
  7775 | D:6      | Lost mutation: Your flesh is cold resistant. (rC+) [potion
                  | of mutation]
  7775 | D:6      | Lost mutation: You are partially covered in iridescent
                  | scales. (AC +2) [potion of mutation]
  7775 | D:6      | Gained mutation: You sometimes lose the ability to read
                  | scrolls when taking damage. [potion of mutation]
  7775 | D:6      | Gained mutation: You are strong-willed. (Will+) [potion of
                  | mutation]
  7775 | D:6      | Gained mutation: Your spells are a little harder to cast,
                  | but a little more powerful. [potion of mutation]
  7776 | D:6      | Lost mutation: You are strong-willed. (Will+) [potion of
                  | mutation]
  7776 | D:6      | Lost mutation: Your spells are a little harder to cast, but
                  | a little more powerful. [potion of mutation]
  7776 | D:6      | Gained mutation: You possess an exceptional clarity of
                  | mind. [potion of mutation]
  7776 | D:6      | Gained mutation: You have hidden genetic potential. [potion
                  | of mutation]
  7776 | D:6      | Gained mutation: You expend magic power (3 MP) to
                  | strengthen your wands. [potion of mutation]
  8095 | D:7      | Noticed a red ugly thing
  8101 | D:7      | Noticed a deep elf pyromancer
  8170 | D:7      | Noticed a gargoyle
  8261 | D:7      | Identified the +1 trident "Jedanobi" {vamp, rC+ rN+ Int-3}
  8261 | D:7      | Noticed a deep elf pyromancer
  8266 | D:7      | Noticed a gargoyle
  8274 | D:7      | Reached skill level 12 in Air Magic
  8282 | D:7      | Identified the +1 scale mail "Xejoq" {Stlth+}
  8463 | D:6      | Learned a level 3 spell: Swiftness
  8938 | D:7      | Reached skill level 5 in Fighting
  9579 | D:7      | Noticed a gargoyle
  9649 | D:6      | Killed a deep elf pyromancer
  9650 | D:6      | Reached skill level 13 in Air Magic
  9753 | D:6      | Killed a gargoyle
  9835 | D:7      | Reached XP level 10. HP: 44/60 MP: 5/14
  9838 | D:7      | Noticed a deep elf pyromancer
  9851 | D:7      | Noticed Pikel
 10173 | D:7      | Killed a gargoyle
 10730 | D:7      | Noticed a green ugly thing
 10950 | D:7      | Reached skill level 14 in Air Magic
 11511 | D:8      | Noticed a two-headed ogre
 11515 | D:8      | Killed a two-headed ogre
 11812 | D:7      | Reached skill level 5 in Conjurations
 12192 | D:8      | Reached skill level 1 in Armour
 12851 | D:9      | HP: 3/63 [poisoned by a water moccasin]
 12852 | D:9      | Lost mutation: You expend magic power (3 MP) to strengthen
                  | your wands. [potion of mutation]
 12852 | D:9      | Lost mutation: You have hidden genetic potential. [potion
                  | of mutation]
 12852 | D:9      | Lost mutation: You possess an exceptional clarity of mind.
                  | [potion of mutation]
 12852 | D:9      | Lost mutation: You sometimes lose the ability to read
                  | scrolls when taking damage. [potion of mutation]
 12853 | D:9      | HP: 1/63 [poisoned by a water moccasin]
 12854 | D:9      | Succumbed to a water moccasin's poison

Illustrated notes

Levels and vault maps discovered:
D:1:      tarquinn_simple_flora_water_b, layout_basic,
          chequers_ecumenical_altar_island
D:2:      layout_rooms
D:3:      layout_basic, uniq_robin
D:4:      layout_basic, serial_forest, infiniplex_forest_3_way,
          infiniplex_forest_end_double, infiniplex_forest_lined_2,
          infiniplex_forest_clump_curved, infiniplex_forest_clump_medium,
          infiniplex_forest_clump_tiny, uniq_duvessa
D:5:      layout_gridville, uniq_edmund
D:6:      layout_loops_ring, gammafunk_ghost_stat_death,
          serial_co_window_serial, co_window_of_opportunity_a,
          co_window_of_opportunity_a, co_window_cross_1, co_window_paths_a,
          co_window_of_opportunity_a, co_window_of_opportunity_b,
          co_window_cross_2, co_window_2corner, co_window_4corner_a,
          glass_columns_b, glass_columns_b, glass_columns_c
D:7:      minmay_the_grid_octo_tiled_squarecenter
          [minmay_the_grid_octo_checkered, minmay_the_grid_octo_shrine,
          minmay_the_grid_octo_vomiting_pacman, minmay_the_grid_octo_77,
          minmay_the_grid_square_5x5_megaprize_open,
          minmay_the_grid_square_5x5_comb, minmay_the_grid_square_5x5_inner_v,
          minmay_the_grid_square_5x5_longway,
          minmay_the_grid_square_5x5_moneybag], layout_gridville,
          enter_bailey_2, nicolae_zen_rock_garden,
          hangedman_decor_diamond_cutter, hangedman_misty_isle, uniq_pikel
D:8:      layout_cave_pools, st_stairs_13
D:9:      layout_irregular_city, mainiacjoe_overflow_paths, st_stairs_3

Skill      XL: |  1  2  3  4  5  6  7  8  9 10 |
---------------+-------------------------------+-----
Conjurations   | 2 3 4 5 |  5.4
Fighting       | 1 2 4 6 7 |  7.0
Air Magic      | 5 6 7 9 11 13 14 | 14.9
Dodging        | 3 5 6 8 |  8.0
Armour         | 1 |  1.7
Stealth        | |  2.7
Spellcasting   | |  2.0

Action                   |  1- 3 |  4- 6 |  7- 9 | 10-12 || total
-------------------------+-------+-------+-------+-------++-------
Melee: Unarmed           |     7 |       |       |       ||     7
       Kick              |     2 |     7 |    14 |    10 ||    33
       Peck              |     1 |     9 |     8 |     4 ||    22
       Dagger            |     1 |    22 |     4 |       ||    27
       Short sword       |       |       |    37 |    25 ||    62
 Cast: Shock             |    83 |   104 |   148 |    46 ||   381
       Airstrike         |       |       |    32 |    48 ||    80
Evoke: Wand              |       |       |       |     3 ||     3
  Use: Potion            |       |       |     6 |     8 ||    14
       Scroll            |       |       |     6 |     6 ||    12
 Stab: Paralysed         |       |       |       |     4 ||     4
Armor: Robe              |     1 |     9 |    23 |    11 ||    44
Dodge: Dodged            |    11 |    16 |   105 |   102 ||   234

Table legend: (Time is in decaauts)
 A = Elapsed time spent in this place.
 B = Non-inter-level travel time spent in this place.
 C = Inter-level travel time spent in this place.
 D = Time resting spent in this place.
 E = Time spent auto-exploring this place.
 F = Levels seen in this place.
 G = Mean time per level.
                   A        B        C        D        E       F      G
               +--------+--------+--------+--------+--------+-----+--------+
         Total |  12458 |  11432 |   1026 |   1418 |   7858 |   9 | 1384.2 |
       Dungeon |  12458 |  11432 |   1026 |   1418 |   7858 |   9 | 1384.2 |
               +--------+--------+--------+--------+--------+-----+--------+

Top non-repeatable levels by time:
     D:6: 4844 daAuts
     D:5: 1667 daAuts
     D:3: 1235 daAuts
     D:8: 1160 daAuts
     D:4: 899 daAuts
     D:1: 885 daAuts
     D:2: 875 daAuts
     D:7: 667 daAuts
     D:9: 222 daAuts
